 Dungeon Crawl Stone Soup version 0.22.0-38-g04b72b8c25 (webtiles) character file.

20 Esekla the Conjurer (level 2, 0/14 HPs)
             Began as a Vine Stalker Conjurer on Aug 26, 2018.
             Succumbed to an adder's poison
             ... on level 3 of the Dungeon.
             The game lasted 00:03:47 (335 turns).

Esekla the Conjurer (Vine Stalker Conjurer)          Turns: 335, Time: 00:03:48

Health: 0/14       AC:  2    Str: 10    XL:     2   Next: 79%
Magic:  2/6        EV: 12    Int: 15    God:
Gold:   17         SH:  0    Dex: 14    Spells: 4/5 levels left

rFire    . . .     SeeInvis .   g - +0 short sword
rCold    . . .     Gourm    .   (no shield)
rNeg     . . .     Faith    .   a - +0 robe
rPois    .         Spirit   +   (no helmet)
rElec    .         Reflect  .   (no cloak)
rCorr    .         Harm     .   (no gloves)
MR       .....                  (no boots)
Stlth    ++........             (no amulet)
HPRegen  0.04/turn              (no ring)
MPRegen  0.10/turn              (no ring)

@: lethally poisoned (0 -> -2), very slightly contaminated
A: fangs 2, magic shield, antimagic bite, no potion heal 3, rot immunity
a: no special abilities


You were on level 3 of the Dungeon.
You were not hungry.

You visited 1 branch of the dungeon, and saw 3 of its levels.

You collected 17 gold pieces.

Inventory:

Hand Weapons
 g - a +0 short sword (weapon)
Missiles
 b - 8 javelins (quivered)
Armour
 a - a +0 robe (worn)
Scrolls
 d - a scroll of enchant armour {unknown}
 e - a scroll of identify {unknown}
 f - 2 scrolls of remove curse {unknown}
Comestibles
 c - a ration


   Skills:
 + Level 1.3 Fighting
 + Level 1.3 Short Blades
 - Level 1.5 Dodging
 - Level 2.4 Stealth
 - Level 2.1 Spellcasting
 - Level 4.0 Conjurations


You had 4 spell levels left.
You knew the following spells:

 Your Spells              Type           Power        Failure   Level  Hunger
a - Magic Dart            Conj           ##..         4%          1    #......

Your spell library contained the following spells:

 Spells                   Type           Power        Failure   Level  Hunger
 Searing Ray              Conj           ##....       6%          2    ###....
 Dazzling Spray           Conj/Hex       #.....       28%         3    ###....
 Iskenderun's Mystic Bla  Conj           ##......     38%         4    #####..
 Force Lance              Conj/Tloc      #.......     67%         4    #####..
 Fulminant Prism          Conj/Hex       #.........   67%         4    #####..


Dungeon Overview and Level Annotations

Branches:
Dungeon (3/15)

Altars:


Innate Abilities, Weirdness & Mutations

You have extremely sharp teeth.
When hurt, damage is shared between your health and your magic reserves.
Your bite disrupts and absorbs the magic of your enemies.
Potions cannot restore your health.
You are immune to rotting.


Message History

You bite the leopard gecko, but do no damage.
The leopard gecko closely misses you.
You hit the leopard gecko. Your bite misses the leopard gecko.
The leopard gecko is lightly wounded.
* * * LOW HITPOINT WARNING * * *
You feel sick. The leopard gecko barely misses you.
The leopard gecko bites you.
* * * LOW HITPOINT WARNING * * *
You barely miss the leopard gecko. Your bite misses the leopard gecko.
The leopard gecko is lightly wounded.
The leopard gecko barely misses you.
You hit the leopard gecko.
You kill the leopard gecko!
* * * LOW HITPOINT WARNING * * *
You feel sick.
* * * LOW HITPOINT WARNING * * *
You feel sick.
Found a scroll labeled HYCRAM BIUCEYTS.
A leopard gecko comes into view.
You die...

#.# . ##.## ..
##...## #
.##.....##.
....?...l
#.....# #...#
#@# #.# #.#
#.######.#
#.....†..######
######.........
#.######## #.#
.##########.#


You could see a leopard gecko (sleeping).

Vanquished Creatures
  An adder (D:3)
  A dart slug (D:3)
  A leopard gecko (D:3)
  A ball python (D:2)
  2 kobolds
  A frilled lizard (D:2)
  2 rats (D:2)
9 creatures vanquished.

Notes
Turn   | Place    | Note
-------+----------+-------------------------------------------
     0 | D:1      | Esekla the Vine Stalker Conjurer began the quest for the Orb.
     0 | D:1      | Reached XP level 1. HP: 9/9 MP: 4/4
   173 | D:2      | Reached skill level 1 in Fighting
   313 | D:3      | Reached XP level 2. HP: 14/14 MP: 6/6
   318 | D:3      | Reached skill level 1 in Short Blades
   335 | D:3      | Succumbed to an adder's poison

Skill      XL: |  1  2 |
---------------+-------+-----
Fighting       | 1 |  1.3
Short Blades   | 1 |  1.3
Dodging        | |  1.5
Stealth        | |  2.4
Spellcasting   | |  2.1
Conjurations   | |  4.0

Action                   || total
-------------------------++-------
Melee: Short sword       ||    10
       Bite              ||     2
 Cast: Magic Dart        ||    10
 Stab: Sleeping          ||     1
Dodge: Dodged            ||    10
